 Dungeon Crawl Stone Soup version 0.24.0-2-g5b39cebb1c (webtiles) character file.

Game seed: 8134709093845175465, levelgen mode: deterministic

94 Amplified the Skirmisher (level 4, 0/38 HPs)
             Began as a Centaur Wizard on Oct 29, 2019.
             Was an Initiate of Sif Muna.
             Succumbed to an adder's poison
             ... on level 1 of the Dungeon.
             The game lasted 00:04:02 (1865 turns).

Amplified the Skirmisher (Centaur Wizard)           Turns: 1865, Time: 00:04:03

Health: 0/38       AC:  6    Str: 15    XL:     4   Next: 38%
Magic:  4/7        EV:  9    Int: 17    God:    Sif Muna [......]
Gold:   92         SH:  2    Dex:  8    Spells: 2/7 levels left

rFire    . . .     SeeInvis .   j - +1 dagger (speed)
rCold    . . .     Gourm    .   (no shield)
rNeg     . . .     Faith    .   a - +0 robe
rPois    .         Spirit   .   b - +2 hat
rElec    .         Reflect  +   (no cloak)
rCorr    .         Harm     .   (no gloves)
MR       .....                  (no barding)
Stlth    +.........             i - +2 amulet of reflection
HPRegen  0.12/turn              (no ring)
MPRegen  0.10/turn              (no ring)

@: mighty, lethally poisoned (0 -> -2), very quick
A: large, hooves 3, deformed body, speed 2, tough skin 3
a: Renounce Religion


You were on level 1 of the Dungeon.
You worshipped Sif Muna.
Sif Muna was noncommittal.
You were hungry.

You visited 1 branch of the dungeon, and saw 2 of its levels.

You collected 92 gold pieces.

Inventory:

Hand Weapons
 g - a +0 dagger
 j - a +1 dagger of speed (weapon)
Missiles
 c - 24 bolts
 h - 18 arrows
Armour
 a - a +0 robe (worn)
 b - a +2 hat (worn)
 e - a +0 scale mail
Jewellery
 i - a +2 amulet of reflection (around neck)
Scrolls
 k - a scroll of remove curse
 l - 3 scrolls of teleportation
Comestibles
 d - 5 rations
 m - 4 chunks of flesh


   Skills:
 * Level 3.4 Fighting
 - Level 1.3 Dodging
 * Level 1.8 Stealth
 - Level 2.4 Spellcasting
 - Level 0.8 Conjurations
 - Level 0.8 Summonings
 - Level 0.8 Translocations


You had 2 spell levels left.
You knew the following spells:

 Your Spells              Type           Power        Failure   Level  Hunger
a - Magic Dart            Conj           #...         13%         1    #......
b - Call Imp              Summ           #.......     21%         2    ##.....
c - Blink                 Tloc           N/A          21%         2    ##.....

Your spell library contained the following spells:

 Spells                   Type           Power        Failure   Level  Hunger
 Slow                     Hex            #.......     28%         2    ##.....
 Conjure Flame            Conj/Fire      #.......     43%         3    ###....
 Mephitic Cloud           Conj/Pois/Air  #.......     45%         3    ###....


Dungeon Overview and Level Annotations

Branches:
Dungeon (2/15)

Altars:
Ru
Sif Muna


Innate Abilities, Weirdness & Mutations

You have hooves in place of feet.
Armour fits poorly on your strangely shaped body.
You cover ground very quickly.
You have extremely tough skin. (AC +3)


Message History

* * * LOW HITPOINT WARNING * * *
You feel sick.
You climb upwards.
There is a stone staircase leading down here.
Unknown command.
You aren't carrying any potions.
Unknown command.
Okay, then.
Okay, then.
Okay, then.
You aren't carrying any items that you can evoke.
Unknown command.
Okay, then.
There is a lethal amount of poison in your body!
There is a lethal amount of poison in your body!
* * * LOW HITPOINT WARNING * * *
You feel sick.
* * * LOW HITPOINT WARNING * * *
You feel sick.
You die...

#.# ###.#....##.. #.#
#...#(##.....
#.#####.###.#####..
#####....)......#####..
#......................
###.##.......#####.####
#.##...)...#.........
#.##.(.....#.##.#####
#.##@......#.........
#>##.....).####.#####
#.##..........#.# #
#.######.#......# #
#.######.####.#######
#........# #........
#.######## #########
#.# ###


There were no monsters in sight!

Vanquished Creatures
  A worker ant (D:1)
  3 adders
  A dart slug (D:2)
  3 giant cockroaches
  4 goblins
  7 hobgoblins
  2 jackals (D:1)
  6 bats
  6 frilled lizards
  5 kobolds (D:1)
  3 rats (D:1)
41 creatures vanquished.

Notes
Turn   | Place    | Note
-------+----------+-------------------------------------------
     0 | D:1      | Amplified the Centaur Wizard began the quest for the Orb.
     0 | D:1      | Reached XP level 1. HP: 14/14 MP: 3/3
   204 | D:1      | Reached skill level 1 in Fighting
   394 | D:1      | Reached XP level 2. HP: 21/24 MP: 3/5
   469 | D:1      | Reached skill level 2 in Fighting
   600 | D:1      | Learned a level 2 spell: Call Imp
   975 | D:1      | Reached XP level 3. HP: 29/30 MP: 6/6
  1338 | D:1      | Reached skill level 3 in Fighting
  1349 | D:1      | Reached XP level 4. HP: 37/38 MP: 7/7
  1492 | D:2      | Found a sacrificial altar of Ru.
  1568 | D:2      | Found a shimmering blue altar of Sif Muna.
  1735 | D:2      | Became a worshipper of Sif Muna the Loreminder
  1824 | D:2      | Learned a level 2 spell: Blink
  1858 | D:1      | HP: 1/38 [poisoned by an adder]
  1865 | D:1      | Succumbed to an adder's poison

Levels and vault maps discovered:
D:1:      lemuel_arrival_muddy, layout_basic, minmay_unequal
D:2:      kb_forest_paths, layout_rooms, lemuel_doored_altar,
          nicolae_ru_the_path_less_chosen, first_ration, minmay_vboxes

Skill      XL: |  1  2  3 |
---------------+----------+-----
Fighting       | 1 2 3 |  3.4
Dodging        | |  1.3
Stealth        | |  1.8
Spellcasting   | |  2.4
Conjurations   | |  0.8
Summonings     | |  0.8
Translocations | |  0.8

Action                   |  1- 3 |  4- 6 || total
-------------------------+-------+-------++-------
Melee: Unarmed           |    21 |       ||    21
       Dagger            |   100 |    67 ||   167
       Kick              |    17 |     7 ||    24
 Cast: Magic Dart        |     8 |     4 ||    12
       Blink             |       |     1 ||     1
       Call Imp          |       |     1 ||     1
  Use: Scroll            |     5 |       ||     5
       Potion            |     1 |     1 ||     2
  Eat: Chunk             |       |     2 ||     2
Armor: Scale mail        |    44 |       ||    44
       Robe              |    18 |    35 ||    53
Dodge: Dodged            |    40 |    40 ||    80
Block: Other             |     2 |     2 ||     4
